 Dungeon Crawl Stone Soup version 0.28.0-53-g5a82cb258f (webtiles) character file.

Game seed: 5618672459930092825

5670 mcbry74 the Severer (level 10, -5/115 HPs)
             Began as a Minotaur Fighter on June 26, 2022.
             Was a Follower of the Shining One.
             Slain by an eight-headed hydra (10 damage)
             ... on level 1 of the Lair of Beasts.
             The game lasted 00:40:21 (8987 turns).

mcbry74 the Severer (Minotaur Fighter)              Turns: 8987, Time: 00:40:22

Health: -5/115     AC: 25    Str: 22    XL:     10   Next: 47%
Magic:  9/9        EV:  2    Int:  7    God:    the Shining One [*.....]
Gold:   515        SH:  5    Dex: 17    Spells: 9/9 levels left

rFire   + . .      SeeInvis .   E - +2 trident (venom)
rCold   . . .      Faith    .   c - +0 buckler
rNeg    . . .      Spirit   .   (armour currently unavailable)
rPois   +          Reflect  .   (helmet currently unavailable)
rElec   .          Harm     .   (cloak currently unavailable)
rCorr   .          Rampage  .   (gloves currently unavailable)
Will    .....      NoTele   +   (boots currently unavailable)
Stlth   +.........              (no amulet)
HPRegen 0.29/turn               d - ring of protection from fire
MPRegen 0.11/turn               M - +6 ring of dexterity

@: tree-form, glowing
A: stationary, stasis, torment immunity, boosted hp, (horns 2), (retaliatory
headbutt)
a: Renounce Religion, Divine Shield


You were on level 1 of the Lair of Beasts.
You worshipped the Shining One.
The Shining One was aware of your devotion.
You were a tree.
You visited 3 branches of the dungeon, and saw 10 of its levels.

You collected 515 gold pieces.

Inventory:

Hand Weapons
 b - a +0 war axe of protection
 E - a +2 trident of venom (weapon)
 K - a +3 vorpal scythe
 L - a +0 arbalest
 T - a +3 battleaxe of freezing
Missiles
 e - 79 arrows
 h - 34 bolts
 p - 305 stones
 z - 32 poisoned darts
 F - 2 throwing nets
 P - 2 boomerangs (quivered)
 R - 2 curare-tipped darts
Armour
 c - a +0 buckler (worn)
 o - a +0 cloak (melded)
 x - +0 fire dragon scales
 A - a +0 pair of boots (melded)
 D - the +8 plate armour "Gaciynoch" (melded) {Stlth+}
   (You found it on level 5 of the Dungeon)

   Stlth:     It makes you more stealthy.
Jewellery
 d - a ring of protection from fire (left branch)
 q - a +6 ring of intelligence
 M - a +6 ring of dexterity (right branch)
Wands
 O - a wand of paralysis (6)
 S - a wand of iceblast (17)
Scrolls
 a - 3 scrolls of blinking
 i - 5 scrolls of vulnerability
 m - a scroll of fear
 n - a scroll of teleportation
 C - 2 scrolls of amnesia
 Q - a scroll of torment {unknown}
Potions
 f - 3 potions of curing
 g - a potion of flight {unknown}
 l - a potion of magic {unknown}
 s - 2 potions of lignification
 t - 2 potions of mutation {unknown}
 v - a potion of resistance {unknown}
 I - a potion of haste {unknown}
 J - a potion of degeneration {unknown}


   Skills:
 - Level 3.6 Fighting
 * Level 15.2 Axes
 + Level 11.5 Armour
 - Level 3.6 Shields


You had 9 spell levels left.
You didn't know any spells.
Your spell library contained the following spells:

 Spells                   Type           Power      Damage    Failure   Level
 Freeze                   Ice            0%         1d3       52%         1
 Sandblast                Erth           0%         2d4       52%         1
 Passwall                 Tmut/Erth      0%         N/A       67%         2
 Sublimation of Blood     Necr           0%         N/A       67%         2
 Wereblood                Tmut           0%         N/A       67%         2
 Frozen Ramparts          Ice            0%         1d2       88%         3
 Stone Arrow              Conj/Erth      0%         3d7       88%         3
 Hailstorm                Conj/Ice       0%         3d3       99%         4
 Leda's Liquefaction      Hex/Erth       0%         N/A       99%         4
 Lee's Rapid Deconstruct  Erth           0%         3d5*      100%        5
 Statue Form              Tmut/Erth      0%         N/A       100%        6
 Summon Hydra             Summ           0%         N/A       100%        7


Dungeon Overview and Level Annotations

Branches:
Dungeon (8/15)             Temple (1/1) D:5            Lair (1/6) D:8

Altars:
Elyvilon
Fedhas
Gozag
Hepliaklqana
Nemelex Xobeh
Qazlal
Sif Muna
Trog
Vehumet
Wu Jian
Xom
Yredelemnul
Zin
The Shining One

Annotations:
D:4 1 runed translucent door, sphynx's ghost, amateur MiBe


Innate Abilities, Weirdness & Mutations

You are a tree.
Your roots penetrate the ground, keeping you stationary.
You cannot be teleported.
You are immune to unholy pain and torment.
Your maximum health is greatly increased.
Your equipment is partially melded.
((You have a pair of horns on your head.))
((You reflexively headbutt those who attack you in melee.))


Message History

The eight-headed hydra bites you.
The eight-headed hydra bites you but does no damage. x2
The eight-headed hydra bites you!
The eight-headed hydra bites you but does no damage. x2
You puncture the eight-headed hydra!
The eight-headed hydra looks as sick as possible!
The eight-headed hydra is heavily wounded.
The eight-headed hydra bites you but does no damage.
The eight-headed hydra bites you!
The eight-headed hydra bites you but does no damage.
The eight-headed hydra barely misses you.
The eight-headed hydra completely misses you.
The eight-headed hydra bites you!
* * * LOW HITPOINT WARNING * * *
The eight-headed hydra bites you.
* * * LOW HITPOINT WARNING * * *
The eight-headed hydra bites you.
* * * LOW HITPOINT WARNING * * *
You puncture the eight-headed hydra!
The eight-headed hydra is heavily wounded.
The eight-headed hydra bites you but does no damage. x2
The eight-headed hydra barely misses you.
The eight-headed hydra bites you but does no damage.
The eight-headed hydra bites you!
* * * LOW HITPOINT WARNING * * *
You block the eight-headed hydra's attack.
The eight-headed hydra bites you but does no damage. x2
You hit the eight-headed hydra but do no damage.
The eight-headed hydra is heavily wounded.
The eight-headed hydra bites you but does no damage. x2
You block the eight-headed hydra's attack.
The eight-headed hydra bites you.
* * * LOW HITPOINT WARNING * * *
The eight-headed hydra bites you!
* * * LOW HITPOINT WARNING * * *
The eight-headed hydra bites you but does no damage. x3
You hit the eight-headed hydra.
The eight-headed hydra is severely wounded.
The eight-headed hydra bites you!
You die...

. .. ..... # ...#####.#
##.#.#.#.# ##.....#.. .......#
#.+.....## .........###........##
#...........D♣...♣...##
#.........####........### #.... .
#.#.........### ## #..####
#.#####..♣....###♣ ##.##.)##P##
###............##.♣. ...........#
#...................
#......###.###.....♣..♣.>.♣....>.
.#.#)#####.##...............#....
#. #........................##[♣.


You could see an eight-headed hydra (very poisoned).

Vanquished Creatures
  A hydra (Lair:1)
  Pikel (D:8)
  A black mamba (Lair:1)
  A cane toad (Lair:1)
  A komodo dragon (Lair:1)
  Grinder (D:4)
  A hornet (D:8)
  4 blink frogs (Lair:1)
  Sigmund (D:6)
  2 steam dragons
  3 water moccasins
  An ice beast (D:5)
  An orc warrior (D:7)
  2 ogres (D:4)
  2 centaurs
  A phantom (D:5)
  2 kobold brigands
  3 bullfrogs
  A water moccasin zombie (D:5)
  3 wights (D:8)
  A howler monkey (D:5)
  A centaur zombie (D:8)
  3 orc priests
  A bullfrog skeleton (D:6)
  3 hounds
  2 iguanas
  A scorpion zombie (D:5)
  4 orc wizards
  A killer bee zombie (D:8)
  Robin (D:3)
  12 gnolls
  A howler monkey skeleton (D:6)
  5 adders
  A shadow imp (D:6)
  2 white imps
  An adder skeleton (D:4)
  2 worms
  4 dart slugs
  24 orcs
  2 ball pythons
  6 endoplasms
  3 giant cockroaches
  10 goblins
  9 hobgoblins
  3 quokkas
  10 bats
  3 frilled lizards
  11 kobolds
  3 rats
163 creatures vanquished.

Vanquished Creatures (others)
  4 fungi (Lair:1)
  7 plants (Lair:1)
11 creatures vanquished.

Grand Total: 174 creatures vanquished

Notes
Turn   | Place    | Note
-------+----------+-------------------------------------------
     0 | D:1      | mcbry74 the Minotaur Fighter began the quest for the Orb.
     0 | D:1      | Reached XP level 1. HP: 19/19 MP: 0/0
   209 | D:1      | Reached skill level 3 in Axes
   226 | D:1      | Reached XP level 2. HP: 26/26 MP: 1/1
   328 | D:1      | Found a faded altar of an unknown god.
   644 | D:2      | Reached XP level 3. HP: 29/31 MP: 2/2
   654 | D:2      | Reached skill level 4 in Axes
   878 | D:2      | Reached XP level 4. HP: 39/39 MP: 3/3
   982 | D:2      | Reached skill level 5 in Axes
  1785 | D:3      | Reached XP level 5. HP: 45/45 MP: 4/4
  1806 | D:3      | Reached skill level 5 in Armour
  1945 | D:3      | Noticed Robin
  1957 | D:3      | Killed Robin
  2572 | D:4      | Noticed an ogre
  2602 | D:4      | Killed an ogre
  2603 | D:4      | Reached skill level 6 in Axes
  2603 | D:4      | Reached XP level 6. HP: 28/51 MP: 5/5
  2755 | D:4      | Found a runed translucent door.
  2755 | D:4      | Noticed sphynx's ghost (amateur MiBe)
  3039 | D:4      | Noticed Grinder
  3176 | D:4      | Reached skill level 7 in Axes
  3674 | D:4      | Paralysed by Grinder for 5 turns
  3681 | D:4      | Killed Grinder
  3682 | D:4      | Reached skill level 8 in Axes
  3682 | D:4      | Reached XP level 7. HP: 43/57 MP: 6/6
  3911 | D:5      | Entered Level 5 of the Dungeon
  4080 | D:5      | Reached skill level 9 in Axes
  4178 | D:5      | Identified the +8 plate armour "Gaciynoch" {Stlth+}
  4431 | D:5      | Found a staircase to the Ecumenical Temple.
  4452 | Temple   | Entered the Ecumenical Temple
  4492 | Temple   | Became a worshipper of the Shining One
  4588 | D:5      | Reached XP level 8. HP: 63/64 MP: 7/7
  5078 | D:5      | Identified the ring of Pride {*Slow rF+ EV+4 Stlth+}
  5371 | D:6      | Reached skill level 10 in Axes
  5399 | D:6      | Noticed Sigmund
  6099 | D:6      | Killed Sigmund
  6435 | D:7      | Reached skill level 11 in Axes
  6614 | D:7      | Reached XP level 9. HP: 67/70 MP: 8/8
  6941 | D:7      | Reached skill level 12 in Axes
  7173 | D:8      | Found a staircase to the Lair.
  7250 | D:8      | Paralysed by a hornet for 1 turns
  7468 | D:8      | Noticed Pikel
  7484 | D:8      | Killed Pikel
  7485 | D:8      | Reached skill level 13 in Axes
  7485 | D:8      | Reached skill level 10 in Armour
  7815 | D:8      | Reached * piety under the Shining One
  7885 | D:8      | Noticed an eight-headed hydra
  8215 | Lair:1   | Entered Level 1 of the Lair of Beasts
  8374 | Lair:1   | Noticed a cane toad
  8384 | Lair:1   | Reached skill level 14 in Axes
  8384 | Lair:1   | Reached XP level 10. HP: 46/77 MP: 9/9
  8385 | Lair:1   | Killed a cane toad
  8582 | Lair:1   | Noticed a five-headed hydra
  8592 | Lair:1   | Killed a five-headed hydra
  8904 | Lair:1   | Reached skill level 15 in Axes
  8946 | Lair:1   | Noticed a black mamba
  8952 | Lair:1   | Killed a black mamba
  8972 | Lair:1   | Noticed an eight-headed hydra
  8986 | Lair:1   | HP: 5/115 [eight-headed hydra (7)]
  8987 | Lair:1   | Slain by an eight-headed hydra

Illustrated notes

Levels and vault maps discovered:
D:1:      minmay_arrival_stone_box, layout_rooms,
          shapermc_ecumenical_altar_mp_urbaneastern,
          hangedman_abyss_or_decor_lesser_grid, hangedman_decor_growths
D:2:      layout_loops_ring
D:3:      layout_rooms, roderic_serpentine_path, uniq_robin
D:4:      layout_basic, gammafunk_ghost_grave, uniq_grinder
D:5:      layout_loops_ring, minmay_temple_entry_proselytizer,
          nicolae_concentric_dashed_squares_mild, grunt_ministairs_15
D:6:      layout_loops_ring, uniq_sigmund
D:7:      layout_gridville, kennysheep_generic_room_14
D:8:      layout_basic, lair_entry_dummy, kennysheep_cross_bottleneck,
          uniq_pikel
Temple:   eino_temple_lava
Lair:1:   layout_loops_ring, grunt_megastairs_3

Skill      XL: |  1  2  3  4  5  6  7  8  9 10 |
---------------+-------------------------------+-----
Axes           | 3 4 5 6 8 9 11 14 15 | 15.2
Armour         | 4 5 6 7 8 10 11 | 11.5
Fighting       | |  3.6
Shields        | |  3.6

Action                   |  1- 3 |  4- 6 |  7- 9 | 10-12 || total
-------------------------+-------+-------+-------+-------++-------
Melee: War axe           |    19 |    25 |    97 |       ||   141
       Headbutt          |     9 |    16 |    55 |     2 ||    82
       Whip              |    28 |   115 |    86 |       ||   229
       Trident           |       |       |    84 |    23 ||   107
       Battleaxe         |       |       |    12 |     7 ||    19
Throw: Stone             |       |    29 |    18 |       ||    47
       Dart              |       |     1 |    13 |       ||    14
       Boomerang         |       |       |     3 |       ||     3
  Use: Potion            |       |     1 |       |     2 ||     3
       Scroll            |       |       |     9 |     3 ||    12
Armor: Scale mail        |    16 |       |       |       ||    16
       Chain mail        |     7 |    53 |       |       ||    60
       Fire dragon scale |       |    22 |    10 |       ||    32
       Plate armour      |       |       |   137 |     4 ||   141
       Skin              |       |       |       |    47 ||    47
Dodge: Dodged            |    18 |    39 |    92 |     6 ||   155
Block: Buckler           |     8 |    21 |    58 |     6 ||    93
